 Dungeon Sprint DCSS version 0.30-a0-920-g7493c07aab (webtiles) character file.

Game seed: 6757615927111871565

216 dialectric the Unseen (level 5, -14/26 (28) HPs)
             Began as a Spriggan Brigand on Mar 21, 2023.
             Killed from afar by an ice statue (20 damage)
             ... with a freezing blast
             ... in the Dungeon (Sprint II: "The Violet Keep of Menkaure").
             The game lasted 00:00:18 (24 turns).

dialectric the Unseen (Spriggan Brigand)              Turns: 24, Time: 00:00:19

HP:   -14/26 (28)   AC:  3    Str:  7    XL:     5   Next: 61%
MP:   6/6           EV: 17    Int: 12    God:
Gold: 0             SH:  0    Dex: 19    Spells: 4/4 levels left

rFire   . . .      SeeInvis +    a - +2 dagger
rCold   . . .      Faith    .    (no shield)
rNeg    . . .      Spirit   .    b - +0 robe
rPois   .          Reflect  .    (helmet restricted)
rElec   .          Rampage  .    c - +0 cloak
rCorr   .          NoTele   +    (gloves unavailable)
Will    .....                    (boots unavailable)
Stlth   +++++++                  (no amulet)
HPRegen 0.24/turn                (no ring)
MPRegen 0.10/turn                (no ring)

@: drained, very quick
A: very small, no large weapons, unfitting armour, see invisible, speed 3
a: no special abilities


You were in the Dungeon.
You visited 1 branch

Inventory:

Hand Weapons
 a - a +2 dagger (weapon)
Missiles
 d - 9 poisoned darts (quivered)
 e - 3 curare-tipped darts
Armour
 b - a +0 robe (worn)
 c - a +0 cloak (worn)
Scrolls
 k - a scroll of blinking
Potions
 f - a potion of curing
 g - a potion of heal wounds
 h - a potion of haste
 i - 2 potions of magic
 j - a potion of berserk rage


   Skills:
 + Level 3.2 Fighting
 + Level 4.3 Short Blades
 - Level 2.0 Throwing
 + Level 2.3 Dodging
 + Level 16.7 Stealth


You had 4 spell levels left.
You didn't know any spells.
Your spell library was empty.

Dungeon Overview and Level Annotations

Branches:
Dungeon (1/1)

Altars:

Shops:
D ?*!*?


Innate Abilities, Weirdness & Mutations

You are very small and have problems with some larger weapons.
You are too small for most types of armour.
You have supernaturally acute eyesight. (SInv)
You cover ground extremely quickly. (Speed+++)


Message History

A water moccasin comes into view.
Found Seuzasm's Magic Scroll Boutique.
The helpless water moccasin fails to defend itself.
You skewer the water moccasin like a kebab!!!!
You kill the water moccasin!
Your Fighting skill increases to level 3!
Your Short Blades skill increases to level 4!
Your Stealth skill gained 3 levels and is now at level 16!
You have reached level 5!
You feel agile.
You hit the necrophage but do no damage.
The necrophage barely misses you.
You closely miss the necrophage. The necrophage hits you.
You feel drained.
You hit the necrophage.
The necrophage is lightly damaged.
You barely miss the necrophage.
The necrophage is lightly damaged.
A necrophage opens the gate.
The necrophage barely misses you.
You hit the necrophage but do no damage.
The necrophage is lightly damaged.
The necrophage misses you.
You closely miss the necrophage.
The necrophage is lightly damaged.
The necrophage completely misses you.
The necrophage hits you but does no damage.
You hit the necrophage.
The necrophage is moderately damaged.
The ice statue gestures at you. The bolt of cold hits you!
The necrophage hits you.
* * * LOW HITPOINT WARNING * * *
You feel drained.
* * * LOW HITPOINT WARNING * * *
The necrophage hits you but does no damage.
Found Meawaem's Distillery and Miaseipt's General Store.
Unknown command.
Found Moiseikh's Magic Scroll Boutique and Yschaaw's General Store.
The ice statue gestures at you. The freezing blast engulfs you!!
Ouch! That really hurt!
You die...

####+####
##°°..○°.##
##○○.°°°°..##
..○.°8○°○..# ##
...○○○○°.#
#~##.○.°..☼#
#####~~#''n#+++##
####~~~@.n......#
...#~~~~†##'##..#
...#~~~~##.#.##
...#~~~~#..#††#
∩..#~~####.$.##
.∩.#~##. ##'##
∩.∩#~ #l##.##
.∩.+~ #+.<.+
#l##.##


You could see an ice statue and 2 necrophages.

Vanquished Creatures
  A water moccasin (D)
  2 necrophages (D)
3 creatures vanquished.

Notes
Turn   | Place    | Note
-------+----------+-------------------------------------------
     0 | D        | dialectric the Spriggan Brigand began the quest for the
                  | Orb.
     0 | D        | Reached XP level 1. HP: 10/10 MP: 2/2
     1 | D        | Noticed a wyvern
     1 | D        | Noticed a wyvern
     4 | D        | Noticed a necrophage
     4 | D        | Noticed a necrophage
     4 | D        | Noticed a necrophage
     4 | D        | Noticed a necrophage
     7 | D        | Killed a necrophage
     8 | D        | Reached skill level 11 in Stealth
     8 | D        | Reached XP level 2. HP: 16/16 MP: 3/3
     8 | D        | Reached XP level 3. HP: 19/19 MP: 4/4
     8 | D        | Killed a necrophage
     9 | D        | Reached skill level 13 in Stealth
     9 | D        | Reached XP level 4. HP: 20/23 MP: 5/5
    11 | D        | Noticed an ice statue
    13 | D        | Noticed a water moccasin
    14 | D        | Found Seuzasm's Magic Scroll Boutique.
    15 | D        | Killed a water moccasin
    16 | D        | Reached skill level 16 in Stealth
    16 | D        | Reached XP level 5. HP: 26/28 MP: 6/6
    23 | D        | Found Meawaem's Distillery.
    23 | D        | Found Miaseipt's General Store.
    24 | D        | Found Moiseikh's Magic Scroll Boutique.
    24 | D        | Found Yschaaw's General Store.
    24 | D        | Killed from afar by an ice statue

Illustrated notes

Levels and vault maps discovered:
D:        the_violet_keep_of_menkaure [sprint2_stairs_cluster_1,
          sprint2_shoproom, sprint2_temple, sprint2_basic_supplies,
          sprint2_obstacle_1, sprint2_obstacle_7, sprint2_obstacle_2,
          sprint2_obstacle_3, sprint2_obstacle_6, sprint2_timed_cluster_1,
          sprint2_smallroom_cluster_1, sprint2_smallroom_final_cluster_1,
          sprint2_transparent_cluster_1, sprint2_second_timed_cluster_1,
          sprint2_sniper_area_1, sprint2_heavy_combat_area_1,
          sprint2_mutation_trap_area_1, sprint2_forest_area_1,
          sprint2_light_combat_area_1, sprint2_behind_water_1,
          sprint2_near_end_vault_1]

Skill      XL: |  1  2  3  4 |
---------------+-------------+-----
Fighting       | 2 3 |  3.2
Short Blades   | 3 4 |  4.3
Stealth        | 11 13 16 | 16.7
Dodging        | 2 |  2.3
Throwing       | |  2.0

Action                     |  1- 3 |  4- 6 || total
---------------------------+-------+-------++-------
  Melee: Dagger            |     2 |     8 ||    10
   Stab: Sleeping          |     2 |     1 ||     3
 Armour: Robe              |       |     2 ||     2
  Dodge: Dodged            |     1 |     5 ||     6

Table legend: (Time is in decaauts)
 A = Elapsed time spent in this place.
 B = Non-inter-level travel time spent in this place.
 C = Inter-level travel time spent in this place.
 D = Time resting spent in this place.
 E = Time spent auto-exploring this place.
 F = Levels seen in this place.
 G = Mean time per level.
                   A        B        C        D        E       F      G
               +--------+--------+--------+--------+--------+-----+--------+
         Total |     18 |     18 |      0 |      0 |      0 |   1 |   18.0 |
       Dungeon |     18 |     18 |      0 |      0 |      0 |   1 |   18.0 |
               +--------+--------+--------+--------+--------+-----+--------+

Top non-repeatable levels by time:
       D: 18 daAuts
